 Dungeon Crawl Stone Soup version 0.24-a0-416-g56ce5178b7 (webtiles) character file.

Game seed: 15844875333662975285

237107 theanonym the Brawler (level 19, -5/178 HPs)
             Began as a Ghoul Gladiator on June 8, 2019.
             Was the Champion of Ru.
             Killed from afar by a deep elf mage (25 damage)
             ... with a bolt of lightning
             ... on level 1 of the Vaults.
             The game lasted 01:04:05 (31910 turns).

theanonym the Brawler (Ghoul Gladiator)            Turns: 31910, Time: 01:04:05

Health: -5/178     AC: 35    Str: 25    XL:     19   Next: 22%
Magic:  16/16      EV:  0    Int:  4    God:    Ru [******]
Gold:   2247       SH: 26    Dex:  8    Spells: 18/18 levels left

rFire    . . .     SeeInvis .     - Unarmed
rCold    + + +     Gourm    .   q - +2 large shield {reflect}
rNeg     + + +     Faith    .   d - +0 plate armour
rPois    ∞         Spirit   .   b - +2 helmet
rElec    .         Reflect  +   N - +2 cloak
rCorr    +         Harm     .   (no gloves)
MR       ++...                  u - +2 pair of boots
Stlth    ..........             y - amulet "Qasoon" {Reflect rC++ SH+5}
HPRegen  0.00/turn              I - ring of Robustness {AC+8}
MPRegen  0.15/turn              Q - ring of Twilight {MR+ rCorr}

@: rotting
A: rotting body, claws 1, carnivore, clumsy 1, cold resistance 1, low mp 1,
negative energy resistance 3, inhibited regeneration, torment resistance,
unbreathing, no stealth, hated by all, inability to train dodging, no air magic,
no conjurations magic, no transmutations magic, reduced EV 1, disrupted magic 1
}: 2/15 runes: decaying, serpentine
a: Draw Out Power, Power Leap, Apocalypse, Renounce Religion


Innate Abilities, Weirdness & Mutations

Your body is rotting away.
You thrive on raw meat.
You are immune to poison.
You have sharp fingernails.
You are carnivorous and can eat meat at any time.
You are clumsy. (Dex -2)
Your flesh is cold resistant. (rC+)
Your magical capacity is low. (-10% MP)
You are immune to negative energy. (rN+++)
You do not regenerate when monsters are visible.
You are immune to unholy pain and torment.
You can survive without breathing.
You cannot be stealthy.
You are hated by all.
You cannot train Dodging skill.
You cannot study or cast Air magic.
You cannot study or cast Conjurations magic.
You cannot study or cast Transmutations magic.
You have somewhat slow reflexes. (EV -5)
Your casting is slightly disrupted.


   Skills:
 + Level 17.6 Fighting
 - Level 1.7 Throwing
 + Level 15.1 Armour
 + Level 13.4 Shields
 + Level 20.5 Unarmed Combat


You had 18 spell levels left.
You didn't know any spells.
Your spell library contained the following spells:

 Spells                   Type           Power        Failure   Level  Hunger
 Apportation              Tloc           #.....       100%        1    ##.....
 Confusing Touch          Hex            #.....       100%        1    ##.....
 Corona                   Hex            #......      100%        1    ##.....
 Pain                     Necr           #...         100%        1    ##.....
 Blink                    Tloc           N/A          100%        2    ###....
 Corpse Rot               Necr           N/A          100%        2    ###....
 Ensorcelled Hibernation  Hex/Ice        #.....       100%        2    ###....
 Slow                     Hex            #.......     100%        2    ###....
 Confuse                  Hex            #.......     100%        3    ####...
 Gell's Gravitas          Tloc           #.........   100%        3    ####...
 Inner Flame              Hex/Fire       #.......     100%        3    ####...
 Lesser Beckoning         Tloc           #.........   100%        3    ####...
 Regeneration             Chrm/Necr      #.........   100%        3    ####...
 Tukima's Dance           Hex            #.......     100%        3    ####...
 Vampiric Draining        Necr           #.........   100%        3    ####...
 Cause Fear               Hex            #.........   100%        4    #####..
 Olgreb's Toxic Radiance  Pois           #.......     100%        4    #####..
 Borgnjor's Vile Clutch   Necr/Erth      #.........   100%        5    ######.
 Metabolic Englaciation   Hex/Ice        #.........   100%        5    ######.
 Invisibility             Hex            #.......     100%        6    #######
 Ring of Flames           Chrm/Fire      #.........   100%        7    #######
 Discord                  Hex            #.........   100%        8    #######
 Animate Skeleton         Necr           Unusable     N/A         1    N/A
 Flame Tongue             Conj/Fire      Unusable     N/A         1    N/A
 Magic Dart               Conj           Unusable     N/A         1    N/A
 Sting                    Conj/Pois      Unusable     N/A         1    N/A
 Summon Butterflies       Summ           Unusable     N/A         1    N/A
 Summon Small Mammal      Summ           Unusable     N/A         1    N/A
 Call Imp                 Summ           Unusable     N/A         2    N/A
 Poisonous Vapours        Pois/Air       Unusable     N/A         2    N/A
 Searing Ray              Conj           Unusable     N/A         2    N/A
 Throw Flame              Conj/Fire      Unusable     N/A         2    N/A
 Conjure Flame            Conj/Fire      Unusable     N/A         3    N/A
 Dazzling Spray           Conj/Hex       Unusable     N/A         3    N/A
 Mephitic Cloud           Conj/Pois/Air  Unusable     N/A         3    N/A
 Animate Dead             Necr           Unusable     N/A         4    N/A
 Force Lance              Conj/Tloc      Unusable     N/A         4    N/A
 Fulminant Prism          Conj/Hex       Unusable     N/A         4    N/A
 Iskenderun's Mystic Bla  Conj           Unusable     N/A         4    N/A
 Petrify                  Tmut/Erth      Unusable     N/A         4    N/A
 Sticky Flame             Conj/Fire      Unusable     N/A         4    N/A
 Alistair's Intoxication  Tmut/Pois      Unusable     N/A         5    N/A
 Bolt of Magma            Conj/Fire/Erth Unusable     N/A         5    N/A
 Fireball                 Conj/Fire      Unusable     N/A         5    N/A
 Iskenderun's Battlesphe  Conj/Chrm      Unusable     N/A         5    N/A
 Silence                  Hex/Air        Unusable     N/A         5    N/A
 Venom Bolt               Conj/Pois      Unusable     N/A         5    N/A
 Yara's Violent Unravell  Hex/Tmut       Unusable     N/A         5    N/A
 Deflect Missiles         Chrm/Air       Unusable     N/A         6    N/A
 Freezing Cloud           Conj/Ice/Air   Unusable     N/A         6    N/A
 Iron Shot                Conj/Erth      Unusable     N/A         6    N/A
 Orb of Destruction       Conj           Unusable     N/A         7    N/A
 Spellforged Servitor     Conj/Summ      Unusable     N/A         7    N/A

Skill      XL: |  1  2  3  4  5  6  7  8  9 10 11 12 13 14 15 16 17 18 19 |
---------------+----------------------------------------------------------+-----
Unarmed Combat | 4 5 6 7 8 11 13 15 16 18 19 20 | 20.5
Shields        | 1 3 4 6 8 10 12 13 | 13.4
Armour         | 2 5 6 8 10 11 12 14 15 | 15.1
Fighting       | 4 6 8 10 12 13 15 16 17 | 17.6
Dodging        | 0 |  0.0
Throwing       | |  1.7

Action                   |  1- 3 |  4- 6 |  7- 9 | 10-12 | 13-15 | 16-18 | 19-21 || total
-------------------------+-------+-------+-------+-------+-------+-------+-------++-------
Melee: Unarmed           |   119 |   140 |   463 |   769 |  1334 |  1814 |   153 ||  4792
       Punch             |     1 |       |       |       |       |       |       ||     1
Throw: Throwing net      |       |     3 |     1 |     3 |       |     1 |       ||     8
Invok: Sacrifice Arcana  |       |       |     1 |       |       |       |       ||     1
       Sacrifice Love    |       |       |       |     1 |       |       |       ||     1
       Sacrifice Essence |       |       |       |     2 |       |       |       ||     2
       Draw Out Power    |       |       |       |     2 |     1 |     1 |       ||     4
       Reject Sacrifices |       |       |       |       |     2 |     1 |       ||     3
       Sacrifice Purity  |       |       |       |       |     1 |       |       ||     1
       Sacrifice Health  |       |       |       |       |     1 |       |       ||     1
       Apocalypse        |       |       |       |       |       |     3 |       ||     3
       Sacrifice Nimblen |       |       |       |       |       |     1 |       ||     1
       Power Leap        |       |       |       |       |       |     1 |       ||     1
       Sacrifice Stealth |       |       |       |       |       |     1 |       ||     1
Evoke: Wand              |       |     1 |       |    10 |     3 |     1 |       ||    15
       Phial of floods   |       |       |       |       |     1 |       |       ||     1
  Use: Scroll            |     2 |       |    12 |     8 |    15 |     5 |     5 ||    47
       Potion            |       |       |       |     2 |     1 |     4 |     1 ||     8
 Stab: Held in net/web   |       |       |       |     1 |       |       |       ||     1
       Distracted        |       |       |       |     6 |     4 |     4 |     1 ||    15
       Invisible         |       |       |       |     2 |     5 |    13 |     8 ||    28
       Paralysed         |       |       |       |       |     4 |    18 |       ||    22
       Confused          |       |       |       |       |       |     2 |       ||     2
  Eat: Chunk             |     2 |    10 |    13 |    36 |    90 |   205 |     6 ||   362
       Ration            |       |       |     1 |       |     4 |     1 |       ||     6
Armor: Leather armour    |    23 |    10 |       |       |       |       |       ||    33
       Chain mail        |       |    27 |       |       |       |       |       ||    27
       Plate armour      |       |    32 |   110 |   142 |   374 |  1070 |   152 ||  1880
Dodge: Dodged            |    63 |    38 |    12 |    31 |    17 |    61 |    12 ||   234
Block: Large shield      |       |    96 |   388 |   681 |  1080 |   519 |   171 ||  2935
       Reflection        |       |       |     4 |    23 |    43 |    84 |     1 ||   155
       Shield            |       |       |       |       |       |  1028 |    44 ||  1072

Inventory:

Armour
 b - a +2 helmet (worn)
 d - a +0 plate armour (worn)
 q - a +2 large shield of reflection (worn)
 u - a +2 pair of boots (worn)
 C - a +0 shield
 D - a scarf of spirit shield
 N - a +2 cloak (worn)
Jewellery
 k - the ring "Puemmeq Xauh" {*Tele rElec Int+4}

   [ring of teleportation]

   It may teleport you next to monsters.
   It affects your intelligence (+4).
   It insulates you from electricity.
 x - an uncursed ring of see invisible
 y - the amulet "Qasoon" (around neck) {Reflect rC++ SH+5}

   [amulet of reflection]

   It shields you and reflects attacks.
   It greatly protects you from cold.
   It affects your SH (+5).
 I - the ring of Robustness (left claw) {AC+8}

   [ring of protection]

   It affects your AC (+8).
 Q - the ring of Twilight (right claw) {MR+ rCorr}

   [ring of resist corrosion]

   It affects your resistance to hostile enchantments.
   It provides partial protection from all sources of acid and corrosion.
Wands
 c - a wand of clouds (5)
 i - a wand of random effects (22)
 o - a wand of disintegration (37)
 v - a wand of acid (18)
 z - a wand of paralysis (4)
 A - a wand of iceblast (36)
 E - a wand of polymorph (28)
 K - a wand of scattershot (2)
Scrolls
 a - 4 scrolls of immolation
 f - 8 scrolls of fog
 n - 14 scrolls of remove curse
 r - 3 scrolls of identify
 t - 16 scrolls of teleportation
 B - 3 scrolls of blinking
 G - a scroll of enchant armour
 J - 6 scrolls of fear
 L - 4 scrolls of silence
Potions
 h - 6 potions of haste
 j - 4 potions of agility
 l - 7 potions of flight
 m - 3 potions of might
 p - 2 potions of magic
 w - 12 potions of curing
 F - 2 potions of brilliance
 H - 2 potions of ambrosia
 O - 3 potions of cancellation
Miscellaneous
 g - a fan of gales
 s - a phial of floods
Comestibles
 e - 58 rations
 M - 7 chunks of flesh


You were on level 1 of the Vaults.
You worshipped Ru.
Ru was exalted by your worship.
You were not hungry.

You visited 7 branches of the dungeon, and saw 33 of its levels.
You also visited: Gauntlet and Ice Cave.

You collected 3248 gold pieces.
You spent 1001 gold pieces at shops.

Dungeon Overview and Level Annotations

Branches:
Dungeon (15/15)            Temple (1/1) D:5            Lair (6/6) D:11
  Swamp (4/4) Lair:4        Snake (4/4) Lair:4        Slime (0/5) Lair:5
    Orc (2/2) D:10            Elf (0/3) Orc:2        Vaults (1/5) D:13
 Depths (0/5) D:15

Altars:
Ashenzari
Cheibriados
Dithmenos
Elyvilon
Fedhas
Gozag
Hepliaklqana
Kikubaaqudgha
Makhleb
Nemelex Xobeh
Okawaru
Qazlal
Ru
Sif Muna
Trog
Uskayaw
Vehumet
Wu Jian
Xom
Yredelemnul
Zin
The Shining One
Beogh
Jiyva

Shops:
D:9 =   D:12 : Orc:2

*([%( #......###''''###
#......#.8....8.#
#......#........#
#.....÷#........+
#########'#######'##
###.# ###.# ###.#
##...# ###...# ###(.)#
.....###.....###..)..#
...###.....###.e@.)###
...'[..>(..+.....z....+
...###.....###.....####
.)...###.....###.....
##...# ###...# ###...#
###.# ###.# ###.#
#'######### +#
#........# #........#


You could see a skeletal warrior and a deep elf mage.

Notes
Turn   | Place    | Note
-------+----------+-------------------------------------------
     0 | D:1      | theanonym the Ghoul Gladiator began the quest for the Orb.
     0 | D:1      | Reached XP level 1. HP: 17/17 MP: 0/0
   184 | D:1      | Reached XP level 2. HP: 24/24 MP: 1/1
   188 | D:1      | Reached skill level 4 in Unarmed Combat
   485 | D:1      | Reached XP level 3. HP: 18/29 MP: 2/2
   863 | D:2      | Reached skill level 5 in Unarmed Combat
   889 | D:2      | Found a white marble altar of Elyvilon.
  1076 | D:2      | Reached skill level 1 in Shields
  1076 | D:2      | Reached XP level 4. HP: 23/34 MP: 3/3
  1257 | D:2      | Found a bloodstained altar of Trog.
  1329 | D:2      | Found a basalt altar of Yredelemnul.
  1749 | D:3      | Noticed Ijyb
  1783 | D:3      | Killed Ijyb
  1783 | D:3      | Reached XP level 5. HP: 28/41 MP: 4/4
  1783 | D:3      | HP: 19/41 [something (9)]
  1951 | D:3      | Noticed Terence
  1963 | D:3      | Killed Terence
  1970 | D:3      | Found a sparkling altar of Nemelex Xobeh.
  2045 | D:3      | Reached skill level 2 in Shields
  2115 | D:3      | Found an ornate altar of the Wu Jian Council.
  2206 | D:3      | Noticed Grinder
  2212 | D:3      | Paralysed by Grinder for 6 turns
  2216 | D:3      | HP: 20/41 [orc/+0 flail (3)]
  2224 | D:3      | Paralysed by Grinder for 3 turns
  2231 | D:3      | HP: 5/41 [Grinder (7)]
  2295 | D:3      | Reached skill level 6 in Unarmed Combat
  2297 | D:3      | Paralysed by Grinder for 2 turns
  2300 | D:3      | Paralysed by Grinder for 3 turns
  2318 | D:3      | Killed Grinder
  2318 | D:3      | Reached skill level 3 in Shields
  2318 | D:3      | Reached XP level 6. HP: 34/46 MP: 5/5
  2424 | D:3      | Found an ancient bone altar of Kikubaaqudgha.
  2778 | D:4      | Noticed Edmund
  2788 | D:3      | Reached skill level 7 in Unarmed Combat
  2788 | D:3      | Reached XP level 7. HP: 40/53 MP: 4/6
  2979 | D:3      | HP: 25/53 [Edmund/+0 dire flail of protection (3)]
  2988 | D:3      | Killed Edmund
  2988 | D:3      | Reached skill level 4 in Shields
  3189 | D:4      | Reached skill level 8 in Unarmed Combat
  3412 | D:5      | Entered Level 5 of the Dungeon
  3423 | D:5      | Found the +6 shillelagh "Devastator" {shatter}
  3453 | D:5      | Reached XP level 8. HP: 54/61 MP: 4/7
  3468 | D:5      | Reached skill level 9 in Unarmed Combat
  3520 | D:5      | Found a shimmering altar of Xom.
  3565 | D:5      | Found a staircase to the Ecumenical Temple.
  3575 | Temple   | Entered the Ecumenical Temple
  3654 | Temple   | Became a worshipper of Ru the Awakened
  3944 | D:5      | Found a sparkling altar of Nemelex Xobeh.
  4009 | D:5      | Found a glowing golden altar of the Shining One.
  4009 | D:5      | Found a burning altar of Makhleb.
  4237 | D:6      | Reached skill level 10 in Unarmed Combat
  4697 | D:6      | Reached skill level 11 in Unarmed Combat
  4715 | D:6      | Gained mutation: You cannot study or cast Air magic. [Ru
                  | sacrifice]
  4715 | D:6      | Gained mutation: You cannot study or cast Transmutations
                  | magic. [Ru sacrifice]
  4715 | D:6      | Gained mutation: You cannot study or cast Conjurations
                  | magic. [Ru sacrifice]
  4715 | D:6      | Reached * piety under Ru
  5110 | D:7      | Found a shattered altar of Ashenzari.
  5130 | D:7      | Reached XP level 9. HP: 67/67 MP: 8/8
  5323 | D:7      | Reached skill level 12 in Unarmed Combat
  5860 | D:8      | Found a stormy altar of Qazlal.
  6041 | D:8      | Reached skill level 13 in Unarmed Combat
  6071 | D:8      | Found a radiant altar of Vehumet.
  6319 | D:9      | HP: 30/67 [killer bee (5)]
  6334 | D:8      | HP: 32/67 [killer bee (2)]
  6354 | D:9      | HP: 29/67 [worker ant (3)]
  6357 | D:9      | Reached XP level 10. HP: 39/73 MP: 9/9
  6453 | D:9      | Gained mutation: You are hated by all. [Ru sacrifice]
  6453 | D:9      | Reached ** piety under Ru
  6489 | D:9      | Reached skill level 14 in Unarmed Combat
  6650 | D:9      | Noticed a +0 dagger
  6651 | D:9      | Noticed a +0 dagger
  6654 | D:9      | Found a hide-covered altar of Uskayaw.
  6793 | D:9      | Found Peat's Jewellery Boutique.
  7120 | D:9      | Reached skill level 15 in Unarmed Combat
  7454 | D:10     | Entered Level 10 of the Dungeon
  7623 | D:10     | Reached skill level 1 in Armour
  7657 | D:10     | Noticed a two-headed ogre
  7667 | D:10     | Killed a two-headed ogre
  7667 | D:10     | Reached skill level 3 in Fighting
  7667 | D:10     | Reached skill level 2 in Armour
  7687 | D:10     | Noticed a six-headed hydra
  7714 | D:10     | Killed a six-headed hydra
  7714 | D:10     | Reached skill level 4 in Fighting
  7714 | D:10     | Reached XP level 11. HP: 75/84 MP: 10/10
  7775 | D:10     | Found a staircase to the Orcish Mines.
  7793 | D:10     | Reached skill level 3 in Armour
  7804 | D:10     | Gained mutation: Your casting is slightly disrupted. [Ru
                  | sacrifice]
  7804 | D:10     | Reached *** piety under Ru
  8018 | D:10     | Reached skill level 16 in Unarmed Combat
  8242 | D:10     | Identified a scroll of acquirement
  8292 | Orc:1    | Entered Level 1 of the Orcish Mines
  8294 | Orc:1    | Noticed an orc knight
  8294 | Orc:1    | Noticed an orc sorcerer
  8303 | Orc:1    | Reached skill level 5 in Fighting
  8310 | Orc:1    | Killed an orc sorcerer
  8319 | Orc:1    | HP: 42/86 [orc priest/divine providence[an orc knight]
                  | (12)]
  8325 | Orc:1    | HP: 43/86 [troll (4)]
  8344 | Orc:1    | Killed an orc knight
  8344 | Orc:1    | Reached skill level 4 in Armour
  8420 | Orc:1    | Noticed Urug
  8425 | Orc:1    | HP: 38/88 [Urug/+3 great sword of protection (13)]
  8431 | Orc:1    | HP: 37/88 [Urug/+3 great sword of protection (1)]
  8437 | Orc:1    | Killed Urug
  8441 | Orc:1    | Noticed an orc sorcerer
  8459 | Orc:1    | HP: 32/88 [smoke demon/divine providence[an orc sorcerer]
                  | (6)]
  8472 | D:10     | HP: 31/88 [warg (1)]
  8636 | Orc:1    | Noticed an orc sorcerer
  8637 | Orc:1    | Killed an orc sorcerer
  8640 | Orc:1    | Reached skill level 6 in Fighting
  8650 | Orc:1    | Killed an orc sorcerer
  8685 | Orc:1    | Noticed an orc sorcerer
  8695 | Orc:1    | Killed an orc sorcerer
  8696 | Orc:1    | Noticed a cyclops
  8706 | Orc:1    | Killed a cyclops
  8719 | Orc:1    | Reached skill level 5 in Armour
  8720 | Orc:1    | Noticed an orc knight
  8736 | Orc:1    | Killed an orc knight
  8736 | Orc:1    | Reached XP level 12. HP: 90/97 MP: 11/11
  8738 | Orc:1    | Reached skill level 17 in Unarmed Combat
  8888 | Orc:2    | Entered Level 2 of the Orcish Mines
  8888 | Orc:2    | Found Neavei's Assorted Antiques.
  8898 | Orc:2    | Bought a scroll of identify for 74 gold pieces
  8898 | Orc:2    | Bought a runed glass wand for 148 gold pieces
  9120 | Orc:2    | Reached skill level 7 in Fighting
  9176 | Orc:2    | Found a roughly hewn altar of Beogh.
  9204 | Orc:2    | Found a roughly hewn altar of Beogh.
  9221 | Orc:2    | Gained mutation: Your magical capacity is low. (-10% MP)
                  | [Ru sacrifice]
  9310 | Orc:2    | HP: 45/100 [orc priest/divine providence (8)]
  9318 | Orc:2    | Noticed Saint Roka
  9318 | Orc:2    | HP: 23/100 [orc warrior/+0 glaive (30)]
  9320 | Orc:2    | HP: 10/100 [orc warrior/+0 glaive (23)]
  9344 | Orc:2    | Found a roughly hewn altar of Beogh.
  9438 | Orc:2    | Noticed an orc high priest
  9442 | Orc:2    | Noticed a sun demon
  9552 | Orc:2    | Killed an orc high priest
  9565 | Orc:2    | Noticed a sun demon
  9581 | Orc:1    | HP: 31/100 [orc sorcerer/bolt of fire (31)]
  9887 | Orc:2    | Found a staircase to the Elven Halls.
  9968 | Orc:2    | HP: 50/100 [orc priest/divine providence (10)]
 10010 | Orc:2    | Reached skill level 6 in Armour
 10238 | Orc:2    | Found a roughly hewn altar of Beogh.
 10248 | Orc:2    | Found a roughly hewn altar of Beogh.
 10297 | Orc:2    | Noticed an orc high priest
 10304 | Orc:2    | Killed an orc high priest
 10321 | Orc:2    | HP: 38/101 [Saint Roka/+3 great sword of electrocution
                  | (17)]
 10328 | Orc:2    | HP: 43/101 [Saint Roka/+3 great sword of electrocution (5)]
 10330 | Orc:2    | Killed Saint Roka
 10330 | Orc:2    | Reached skill level 8 in Fighting
 10330 | Orc:2    | Reached skill level 18 in Unarmed Combat
 10452 | Orc:2    | Found a roughly hewn altar of Beogh.
 10454 | Orc:2    | Found Vivoodue's Weapon Boutique.
 10489 | Orc:2    | Found Diseig's Food Shoppe.
 10533 | Orc:2    | Found Fodoi's Antique Weapon Shop.
 10533 | Orc:2    | Found a roughly hewn altar of Beogh.
 10534 | Orc:2    | Found Kekusuy's Antique Armour Boutique.
 10664 | D:11     | Reached XP level 13. HP: 101/108 MP: 10/10
 10707 | D:11     | Reached skill level 7 in Armour
 10725 | D:11     | HP: 49/110 [death yak (9)]
 10738 | D:11     | Reached skill level 9 in Fighting
 10907 | D:11     | Gained mutation: You have somewhat slow reflexes. (EV -5)
                  | [Ru sacrifice]
 10907 | D:11     | Reached **** piety under Ru
 10987 | D:11     | Found a staircase to the Lair.
 11166 | Lair:1   | Entered Level 1 of the Lair of Beasts
 11692 | Lair:1   | You fall into a shaft and drop 1 floor!
 11703 | Lair:2   | Found a runed translucent gate.
 11703 | Lair:2   | Found a runed translucent gate.
 11703 | Lair:2   | Found a runed translucent gate.
 11703 | Lair:2   | Noticed Deavvycs's ghost (journeyman TrHu)
 11753 | Lair:1   | Reached skill level 8 in Armour
 11753 | Lair:1   | Reached skill level 19 in Unarmed Combat
 12143 | Lair:2   | Gained mutation: You are clumsy. (Dex -2) [Ru sacrifice]
 12143 | Lair:2   | Reached ***** piety under Ru
 12166 | Lair:2   | Reached skill level 10 in Fighting
 12199 | Lair:2   | HP: 56/113 [komodo dragon (7)]
 12204 | Lair:2   | HP: 30/113 [komodo dragon (11)]
 12298 | Lair:2   | HP: 54/113 [komodo dragon (16)]
 12768 | Lair:2   | Noticed Suelorphy's ghost (journeyman NaGl)
 12844 | Lair:3   | HP: 53/112 [spiny frog (6)]
 12847 | Lair:3   | HP: 23/112 [crocodile (9)]
 13959 | Lair:4   | Found a staircase to the Swamp.
 14124 | Lair:4   | You fall into a shaft and drop 1 floor!
 14153 | Lair:5   | Reached XP level 14. HP: 92/120 MP: 11/11
 14211 | Lair:5   | Noticed Snorg
 14226 | Lair:5   | Killed Snorg
 14598 | Lair:4   | Found a staircase to the Snake Pit.
 15040 | Lair:5   | Reached skill level 9 in Armour
 15231 | Lair:5   | Found a viscous altar of Jiyva.
 15246 | Lair:5   | Found a staircase to the Slime Pits.
 15447 | Lair:5   | You fall into a shaft and drop 1 floor!
 15447 | Lair:6   | Entered Level 6 of the Lair of Beasts
 15464 | Lair:6   | Noticed Ratty's ghost (journeyman MiMo)
 15472 | Lair:6   | Found a transporter.
 15654 | D:9      | Bought the ring of Twilight {MR+ rCorr} for 554 gold pieces
 16077 | Lair:6   | Reached skill level 11 in Fighting
 16081 | Lair:6   | HP: 61/123 [acid (4)]
 16194 | Lair:6   | Reached skill level 20 in Unarmed Combat
 16237 | Lair:6   | HP: 62/124 [acid (5)]
 16828 | Lair:6   | Reached skill level 5 in Shields
 16860 | Lair:6   | Found a hazy altar of Hepliaklqana.
 17124 | Lair:6   | Reached skill level 10 in Armour
 17248 | Lair:6   | Reached skill level 12 in Fighting
 17248 | Lair:6   | Reached skill level 6 in Shields
 17329 | Lair:6   | Found a transporter.
 17855 | Lair:2   | Killed Suelorphy's ghost
 17855 | Lair:2   | Reached XP level 15. HP: 117/132 MP: 12/12
 17882 | Lair:2   | Killed Deavvycs's ghost
 18034 | D:12     | Found Rol Peri's Book Boutique.
 18087 | D:12     | Found a frozen archway.
 18140 | IceCv    | Entered an ice cave
 18558 | IceCv    | Reached skill level 7 in Shields
 19244 | D:13     | Got a steaming ruby amulet
 19245 | D:13     | Identified the amulet "Qasoon" {Reflect rC++ SH+5} (You
                  | found it on level 13 of the Dungeon)
 19363 | D:13     | Reached skill level 11 in Armour
 19397 | D:13     | Reached skill level 13 in Fighting
 19472 | D:13     | Found a gate to the Vaults.
 19515 | D:13     | HP: 65/135 [two-headed ogre/+0 giant spiked club (24)]
 19693 | D:13     | Reached skill level 8 in Shields
 19972 | D:14     | Found a gate leading to a gauntlet.
 19981 | Gauntlet | Entered a Gauntlet
 19981 | Gauntlet | Found a large runed translucent door.
 19981 | Gauntlet | Found a large runed translucent door.
 19981 | Gauntlet | Found a large runed translucent door.
 19981 | Gauntlet | Found a large runed translucent door.
 19981 | Gauntlet | Found a large runed translucent door.
 19981 | Gauntlet | Found a large runed translucent door.
 19981 | Gauntlet | Found a large runed translucent door.
 19981 | Gauntlet | Found a large runed translucent door.
 19981 | Gauntlet | Found a runed translucent door.
 19981 | Gauntlet | Found a runed translucent gate.
 19981 | Gauntlet | Found a transporter.
 19981 | Gauntlet | Found a transporter.
 19981 | Gauntlet | Found a runed translucent gate.
 19981 | Gauntlet | Found a transporter.
 19982 | Gauntlet | Found a transporter.
 19985 | Gauntlet | Found a transporter.
 20001 | Gauntlet | Found a transporter.
 20003 | Gauntlet | Found a transporter.
 20027 | Gauntlet | Found a runed translucent gate.
 20028 | Gauntlet | Found a large runed translucent door.
 20028 | Gauntlet | Found a large runed translucent door.
 20029 | Gauntlet | Found a large runed translucent door.
 20030 | Gauntlet | Found a large runed translucent door.
 20031 | Gauntlet | Found a large runed translucent door.
 20031 | Gauntlet | Found a large runed translucent door.
 20031 | Gauntlet | Found a runed translucent door.
 20032 | Gauntlet | Found a large runed translucent door.
 20033 | Gauntlet | Found a large runed translucent door.
 20063 | Gauntlet | Found a transporter.
 20075 | Gauntlet | Found a transporter.
 20088 | Gauntlet | Found a transporter.
 20098 | Gauntlet | Found a transporter.
 20114 | Gauntlet | Found a transporter.
 20428 | Gauntlet | Got an ancient cloak
 20459 | Gauntlet | Identified the +1 cloak of the Komtur {Str+2 Int-5 Dex+6}
                  | (You found it in a Gauntlet)
 20459 | Gauntlet | Lost intelligence.
 20531 | D:14     | Reached XP level 16. HP: 133/145 MP: 13/13
 20603 | D:14     | Noticed Josephine
 20620 | D:14     | Killed Josephine
 20636 | D:14     | HP: 70/145 [wraith[Josephine] (8)]
 20738 | D:14     | Reached skill level 9 in Shields
 20914 | D:15     | Entered Level 15 of the Dungeon
 20935 | D:15     | Reached skill level 14 in Fighting
 20940 | D:15     | Found a staircase to the Depths.
 20976 | D:15     | Reached skill level 12 in Armour
 21092 | D:15     | Noticed Agnes
 21109 | D:15     | Killed Agnes
 21162 | D:14     | HP: 65/146 [large slime creature (26)]
 21508 | D:15     | HP: 73/146 [killer bee (3)]
 22017 | D:15     | Noticed Jorgrun
 22036 | D:15     | Killed Jorgrun
 22269 | Snake:1  | Entered Level 1 of the Snake Pit
 22323 | Snake:1  | HP: 70/147 [shock serpent/bolt of electricity (15)]
 22328 | Snake:1  | HP: 32/147 [shock serpent/electric aura (16)]
 22335 | Snake:1  | HP: 61/147 [naga mage/poison arrow (2)]
 22341 | Snake:1  | HP: 55/147 [black mamba (2)]
 22407 | Snake:1  | Gained mutation: You cannot train Dodging skill. [Ru
                  | sacrifice]
 22407 | Snake:1  | Reduced skill Dodging to level 0
 22467 | Snake:1  | HP: 63/147 [guardian serpent (11)]
 22472 | Snake:1  | HP: 44/147 [guardian serpent (16)]
 22481 | Snake:1  | HP: 69/147 [guardian serpent (8)]
 22662 | Snake:1  | Reached skill level 10 in Shields
 23117 | Snake:1  | Noticed Aizul
 23135 | Snake:1  | Killed Aizul
 23485 | Snake:2  | Reached skill level 15 in Fighting
 23618 | Snake:2  | Noticed a nagaraja
 23631 | Snake:2  | Killed a nagaraja
 23631 | Snake:2  | Reached XP level 17. HP: 151/156 MP: 14/14
 23653 | Snake:2  | Reached skill level 13 in Armour
 24025 | Snake:2  | Got a wavering iron ring
 24026 | Snake:2  | Identified the ring of Darkness {+Fly Stlth+} (You acquired
                  | it on level 2 of the Snake Pit)
 24740 | Snake:3  | Reached skill level 11 in Shields
 24757 | Snake:3  | HP: 70/156 [black mamba (12)]
 24961 | Snake:3  | Noticed Donald
 24969 | Snake:3  | Killed Donald
 25590 | Snake:4  | Entered Level 4 of the Snake Pit
 25789 | Snake:4  | HP: 75/158 [guardian serpent (8)]
 25794 | Snake:4  | HP: 70/158 [salamander/+0 glaive (10)]
 25803 | Snake:4  | HP: 77/158 [nagaraja/+0 club (5)]
 25808 | Snake:4  | HP: 68/158 [nagaraja/+0 spear (2)]
 25813 | Snake:4  | HP: 59/158 [naga/+0 long sword (10)]
 25818 | Snake:4  | HP: 66/158 [nagaraja/+0 spear (9)]
 25824 | Snake:4  | HP: 78/158 [naga/+0 long sword (4)]
 25828 | Snake:4  | HP: 30/158 [naga warrior/+0 battleaxe of flaming (18)]
 25848 | Snake:4  | HP: 32/158 [anaconda (2)]
 25854 | Snake:4  | HP: 30/158 [anaconda (2)]
 25855 | Snake:4  | HP: 14/158 [anaconda (3)]
 25856 | Snake:4  | HP: 5/158 [anaconda (7)]
 25859 | Snake:4  | Reached skill level 16 in Fighting
 25877 | Snake:4  | HP: 6/158 [nagaraja/+0 halberd (23)]
 26565 | Snake:4  | Reached skill level 14 in Armour
 26577 | Snake:4  | Reached skill level 12 in Shields
 26891 | Snake:4  | Reached XP level 18. HP: 168/168 MP: 15/15
 26931 | Snake:4  | Got a serpentine rune of Zot
 27182 | Swamp:1  | Entered Level 1 of the Swamp
 27188 | Swamp:1  | Noticed Kirke
 27221 | Swamp:1  | Killed Kirke
 28842 | Swamp:3  | Reached skill level 17 in Fighting
 29461 | Swamp:3  | Gained mutation: You cannot be stealthy. [Ru sacrifice]
 29461 | Swamp:3  | Reached ****** piety under Ru
 29522 | Swamp:4  | Entered Level 4 of the Swamp
 29595 | Swamp:4  | Identified Roxanne's Volume of Earth
 29595 | Swamp:4  | Noticed Roxanne
 29617 | Swamp:4  | Killed Roxanne
 29623 | Swamp:4  | HP: 77/169 [thorn hunter (16)]
 29631 | Swamp:3  | HP: 75/169 [thorn hunter (2)]
 29822 | Swamp:4  | HP: 76/168 [spriggan druid/angry trees (12)]
 29855 | Swamp:4  | Identified the Handbook of Stolen Souls
 29942 | Swamp:4  | Reached skill level 13 in Shields
 30393 | Swamp:4  | HP: 83/170 [hornet[a shambling mangrove] (4)]
 30415 | Swamp:4  | Reached XP level 19. HP: 165/177 MP: 16/16
 30458 | Swamp:4  | Got a decaying rune of Zot
 30479 | Swamp:4  | Reached skill level 15 in Armour
 30864 | Orc:2    | Bought a shiny large shield for 225 gold pieces
 31230 | Lair:6   | HP: 73/176 [yak (18)]
 31254 | Lair:6   | Killed Ratty's ghost
 31559 | Lair:6   | Got a clouded jade ring
 31567 | Lair:6   | Identified the ring "Puemmeq Xauh" {*Tele rElec Int+4} (You
                  | found it on level 6 of the Lair of Beasts)
 31738 | Vaults:1 | Entered Level 1 of the Vaults
 31908 | Vaults:1 | HP: 77/178 [deep elf mage/bolt of lightning (24)]
 31910 | Vaults:1 | HP: 20/178 [deep elf mage/bolt of lightning (21)]
 31910 | Vaults:1 | Killed from afar by a deep elf mage

Vanquished Creatures
  Saint Roka (Orc:2)
  Jorgrun (D:15)
  3 thorn hunters
  Agnes (D:15)
  Kirke (Swamp:1)
  Donald (Snake:3)
  Roxanne (Swamp:4)
  6 nagarajas
  Aizul (Snake:1)
  The ghost of Ratty the Sniper, a journeyman MiMo of Trog (Lair:6)
  A minotaur (Gauntlet)
  The ghost of Deavvycs the Grappler, a journeyman TrHu of Trog (Lair:2)
  The ghost of Suelorphy the Cleaver, a journeyman NaGl of the Shining One (Lair:2)
  Snorg (Lair:5)
  Josephine (D:14)
  15 naga warriors
  4 catoblepae (Lair:6)
  A ghost crab (Swamp:4)
  25 hydras
  3 shambling mangroves
  5 anacondas
  A quicksilver dragon skeleton (D:15)
  A death knight (D:12)
  5 two-headed ogres
  5 centaur warriors
  17 alligators
  7 death yaks
  2 tengu warriors
  11 naga sharpshooters
  2 orc high priests (Orc:2)
  Urug (Orc:1)
  6 shock serpents
  3 salamander mystics
  4 skeletal warriors
  A fire crab (Lair:6)
  3 sea snakes
  4 spriggan druids
  2 unseen horrors
  A flayed ghost (D:15)
  3 naga ritualists
  9 swamp dragons
  An ironbrand convoker (Vaults:1)
  5 mana vipers
  3 orc knights
  2 necromancers
  18 ugly things
  3 cyclopes
  An orb spider (shapeshifter) (D:14)
  5 oklob plants (Lair:6)
  6 orc sorcerers
  4 deep elf magi
  10 salamanders
  A shining eye (Gauntlet)
  5 manticores
  A wolf spider (Lair:6)
  2 moths of wrath (Lair:6)
  28 black mambas
  4 guardian serpents
  18 naga magi
  A gargoyle (D:12)
  2 ice statues (IceCv)
  6 centaur skeletons
  20 spiny frogs
  A spriggan skeleton (D:15)
  A spriggan zombie (D:15)
  A kobold demonologist (D:13)
  6 ice devils (IceCv)
  8 komodo dragons
  5 yaktaurs
  An efreet (D:13)
  A guardian mummy (D:15)
  7 trolls
  3 tengu conjurers
  A harpy zombie (D:14)
  A queen bee (D:15)
  6 meliai
  A polar bear (Lair:5)
  2 tyrant leeches
  12 hornets
  12 slime creatures
  A hornet (shapeshifter) (Vaults:1)
  16 blink frogs
  10 bog bodies
  Grinder (D:3)
  15 dream sheep (Lair:6)
  8 hippogriffs
  5 wraiths (D:14)
  67 yaks
  A shadow (Swamp:3)
  A vampire (D:13)
  12 spriggans
  2 hogs (Swamp:1)
  8 basilisks
  2 wyverns
  3 humans (Swamp:1)
  3 hungry ghosts
  A golden eye (Gauntlet)
  19 vampire mosquitoes
  A neqoxec (Gauntlet)
  A chaos spawn (Gauntlet)
  Edmund (D:3)
  7 insubstantial wisps
  7 wargs
  13 swamp worms
  3 acid dragons
  45 nagas
  A floating eye (Gauntlet)
  13 water moccasins
  4 porcupines
  30 orc warriors
  3 sky beasts
  13 swamp drakes
  A hornet zombie (D:14)
  12 ice beasts
  6 ogres
  10 crocodiles
  7 centaurs
  2 big kobolds
  15 bullfrogs
  A yaktaur skeleton (D:15)
  A water moccasin zombie (D:9)
  8 scorpions
  2 wyvern skeletons (D:13)
  28 killer bees
  2 electric eels (Lair:2)
  5 wights (D:12)
  5 howler monkeys
  10 crimson imps
  2 draconian simulacra (IceCv)
  A bullfrog zombie (D:9)
  12 hounds
  5 jellies
  2 quasits
  3 centaur zombies
  20 orc priests
  27 orc wizards
  A gnoll shaman (D:4)
  3 bullfrog skeletons
  2 iguanas
  Ijyb (D:3)
  Terence (D:3)
  3 hell rats
  13 worker ants
  3 troll simulacra (IceCv)
  A spriggan simulacrum (IceCv)
  2 centaur simulacra (IceCv)
  A hound skeleton (D:4)
  5 worker ant zombies
  12 adders
  A naga simulacrum (IceCv)
  8 gnolls
  12 river rats
  An ogre simulacrum (IceCv)
  5 shadow imps
  An ooze (D:1)
  2 adder zombies
  3 dart slugs (D:1)
  3 leopard geckos
  101 orcs
  4 ball pythons
  4 giant cockroaches
  6 goblins
  5 hobgoblins
  4 jackals (D:10)
  9 kobolds
  5 quokkas
  5 bats
  7 frilled lizards
  A jackal skeleton (D:5)
  A leopard gecko skeleton (D:4)
  A quokka skeleton (D:4)
  10 rats
  2 plants (D:6)
1131 creatures vanquished.

Vanquished Creatures (others)
  A thorn hunter (Swamp:3)
  4 hydras
  2 centaur warriors
  A shock serpent (Snake:1)
  A naga sharpshooter (Snake:4)
  A slime creature (D:12)
  4 naga magi (Snake:4)
  A spiny frog (Lair:3)
  A guardian serpent (Snake:1)
  A komodo dragon (Lair:4)
  A yaktaur (D:13)
  A blink frog (Swamp:3)
  A yak (D:11)
  A hog (Swamp:1)
  3 nagas (Snake:2)
  4 centaurs
  A hound (D:14)
  An orc priest (Orc:2)
  2 orcs
  A briar patch (Swamp:3)
  3 fungi
  14 plants
  9 toadstools (Swamp:2)
59 creatures vanquished.

Grand Total: 1190 creatures vanquished

Table legend:
 A = Turns spent in this place as a percentage of turns spent in the entire game.
 B = Non-inter-level travel turns spent in this place as a percentage of non-inter-level travel turns spent in the entire game.
 C = Inter-level travel turns spent in this place as a percentage of turns spent in this place.
 D = Turns resting spent in this place as a percentage of non-inter-level travel turns spent in this place.
 E = Turns spent auto-exploring this place as a percentage of non-inter-level travel turns spent in this place.
 F = Non-inter-level travel turns spent in this place divided by the number of levels of this place that you've seen.
                   A       B       C       D       E      F
               +-------+-------+-------+-------+-------+----------------------
         Total | 100.0 | 100.0 |   8.7 |  12.1 |  59.8 | 832.5
       Dungeon |  38.3 |  38.2 |   8.9 |   7.5 |  64.8 | 743.0
        Temple |   0.3 |   0.2 |  23.6 |   0.0 |  95.6 |  68.0
          Lair |  23.8 |  22.5 |  13.6 |  18.7 |  60.4 | 1094.2
         Swamp |  11.1 |  11.6 |   4.7 |   2.3 |  62.9 | 841.8
     Snake Pit |  15.3 |  15.9 |   5.1 |  12.3 |  59.4 | 1161.2
  Orcish Mines |   7.2 |   7.1 |   9.4 |  24.1 |  40.6 | 1035.5
        Vaults |   0.5 |   0.6 |   0.6 |   0.0 |  57.3 | 171.0
      Ice Cave |   1.8 |   2.0 |   0.0 |  43.7 |  26.5 | 586.0
      Gauntlet |   1.6 |   1.8 |   0.0 |  11.7 |  36.9 | 520.0
               +-------+-------+-------+-------+-------+----------------------
